 Dungeon Crawl Stone Soup version 0.28-a0-938-gbc3f381ebc (webtiles) character file.

Game seed: 13076872389819123774

53 fragbeetle the Ruffian (level 3, -2/31 HPs)
             Began as a Naga Transmuter on Nov 29, 2021.
             Slain by a gnoll (3 damage)
             ... on level 3 of the Dungeon.
             The game lasted 00:15:42 (1990 turns).

fragbeetle the Ruffian (Naga Transmuter)            Turns: 1990, Time: 00:15:43

Health: -2/31      AC:  4    Str: 13    XL:     3   Next: 87%
Magic:  6/6        EV:  8    Int: 13    God:
Gold:   61         SH:  0    Dex: 11    Spells: 4/7 levels left

rFire   . . .      SeeInvis +     - Unarmed
rCold   . . .      Faith    .   (no shield)
rNeg    . . .      Spirit   .   n - +1 ring mail
rPois   +          Reflect  .   (no helmet)
rElec   .          Harm     .   (no cloak)
rCorr   +          Rampage  .   (no gloves)
Will    .....                   (no barding)
Stlth   +.........              (no amulet)
HPRegen 0.10/turn               f - ring of resist corrosion
MPRegen 0.10/turn               (no ring)

@: very slow
A: AC +1, large, see invisible, deformed body, poison resistance, slowness 2,
spit poison 1, naga tail 1
a: Spit Poison


You were on level 3 of the Dungeon.
You visited 1 branch of the dungeon, and saw 3 of its levels.

You collected 61 gold pieces.

Inventory:

Hand Weapons
 b - a +0 dagger
 c - a +0 rapier
 i - a +0 dagger
 x - a +0 spear
Missiles
 j - 24 bolts
 m - 85 stones
 o - 20 sling bullets
Armour
 a - a +0 robe
 d - a +0 leather armour
 g - a +0 leather armour
 n - a +1 ring mail (worn)
 v - a +0 chain mail
Jewellery
 f - a ring of resist corrosion (left hand)
 t - a ring of ice
Scrolls
 e - a scroll of identify {unknown}
 l - a scroll of teleportation {unknown}
 p - 2 scrolls of enchant armour
 r - 2 scrolls of magic mapping {unknown}
 s - a scroll of immolation {unknown}
 y - a scroll of brand weapon {unknown}
Potions
 h - a potion of heal wounds {unknown}
 k - a potion of lignification {unknown}
 q - a potion of degeneration {unknown}
 u - 2 potions of might {unknown}
 w - a potion of ambrosia {unknown}


   Skills:
 + Level 1.0 Fighting
 - Level 0.1 Armour
 + Level 1.8 Dodging
 + Level 1.2 Stealth
 + Level 3.7 Unarmed Combat
 + Level 2.5 Spellcasting
 + Level 2.3 Transmutations


You had 4 spell levels left.
You knew the following spells:

 Your Spells              Type           Power      Damage    Failure   Level
a - Beastly Appendage     Tmut           14%        N/A       21%         1
b - Wereblood             Tmut           7%         N/A       30%         2

Your spell library contained the following spells:

 Spells                   Type           Power      Damage    Failure   Level
 Spider Form              Tmut/Pois      4%         N/A       69%         3
 Stone Arrow              Conj/Erth      2%         3d7       85%         3
 Ice Form                 Ice/Tmut       4%         N/A       97%         4
 Animate Armour           Summ/Erth      2%         N/A       99%         4
 Lehudib's Crystal Spear  Conj/Erth      0%         10d2      100%        8


Dungeon Overview and Level Annotations

Branches:
Dungeon (3/15)

Altars:
Cheibriados


Innate Abilities, Weirdness & Mutations

Your serpentine skin is tough. (AC +1)
You have supernaturally acute eyesight. (SInv)
Armour fits poorly on your strangely shaped body.
Your system is resistant to poisons. (rPois)
You cover ground very slowly.
You can spit poison.
You have a snake-like lower body.


Message History

You kill the jackal!
You barely miss the jackal. The jackal bites you. The jackal barely misses you.
You completely miss the jackal.
The jackal bites you but does no damage.
You completely miss the jackal. You headbutt the jackal.
You kill the jackal!
You hit the jackal.
The jackal is lightly wounded.
The jackal barely misses you.
A gnoll comes into view. It is wielding a +0 spear.
The jackal bites you.
You punch the jackal!
You kill the jackal!
You have got your breath back.
You barely miss the hobgoblin.
Your horns disappear.
The hobgoblin hits you but does no damage.
You barely miss the hobgoblin. The hobgoblin barely misses you.
Casting: Beastly Appendage (safe; 21% risk of failure)
Confirm with . or Enter, or press ? or * to list all spells.
You grow a pair of large bovine horns.
The hobgoblin closely misses you.
You closely miss the hobgoblin. The hobgoblin hits you.
You hit the hobgoblin. You headbutt the hobgoblin.
The hobgoblin is severely wounded.
The hobgoblin closely misses you. The gnoll misses you.
You barely miss the hobgoblin.
The hobgoblin is severely wounded.
The hobgoblin hits you.
The gnoll hits you from afar with a +0 spear.
You barely miss the hobgoblin. You headbutt the hobgoblin.
You kill the hobgoblin!
The gnoll hits you from afar with a +0 spear.
Your transformation is almost over.
The gnoll hits you from afar with a +0 spear.
* * * LOW HITPOINT WARNING * * *
The gnoll hits you from afar with a +0 spear.
* * * LOW HITPOINT WARNING * * *
Your horns disappear.
The gnoll hits you from afar with a +0 spear.
You die...

#.########## #....# #.# ###.#.#
###.########## #...#g#####
#.....##.....# ###.###......
#.....##.....# #...# #......
##.....##.....###.##..+......
...........†....g......##......
#........##.....#.####.#####...
#.............@....# .# ...
#........########..# .# ...
.........# #..# .. ..
#####....# #..# #....# #..#
+.... .... ##


You could see a gnoll.

Vanquished Creatures
  An adder (D:2)
  A worm (D:2)
  2 dart slugs (D:1)
  3 bats
  3 endoplasms
  4 giant cockroaches
  3 goblins
  2 hobgoblins
  3 jackals (D:3)
  2 kobolds (D:1)
  A quokka (D:1)
  4 ball pythons
  2 frilled lizards
  5 rats
36 creatures vanquished.

Notes
Turn   | Place    | Note
-------+----------+-------------------------------------------
     0 | D:1      | fragbeetle the Naga Transmuter began the quest for the Orb.
     0 | D:1      | Reached XP level 1. HP: 18/18 MP: 3/3
   507 | D:1      | Reached XP level 2. HP: 24/25 MP: 3/5
  1570 | D:2      | Reached XP level 3. HP: 31/31 MP: 4/6
  1575 | D:2      | Reached skill level 1 in Stealth
  1581 | D:2      | Learned a level 2 spell: Wereblood
  1673 | D:2      | Found a snail-covered altar of Cheibriados.
  1740 | D:2      | Found a faded altar of an unknown god.
  1987 | D:3      | HP: 1/31 [gnoll (6)]
  1990 | D:3      | Slain by a gnoll

Illustrated notes

Levels and vault maps discovered:
D:1:      dpeg_arrival_round_c, layout_basic, hangedman_feature_mirror,
          minmay_misc_feat_rows, serial_bayou_lake_a
D:2:      layout_rooms, basic_altar, chequers_ecumenical_altar_island,
          hangedman_decor_clover_reticule
D:3:      layout_basic

Skill      XL: |  1  2  3 |
---------------+----------+-----
Stealth        | 1 |  1.2
Fighting       | |  1.0
Armour         | |  0.1
Dodging        | |  1.8
Unarmed Combat | |  3.7
Spellcasting   | |  2.5
Transmutations | |  2.3

Action                   || total
-------------------------++-------
Melee: Dagger            ||    11
       Unarmed           ||    95
       Headbutt          ||    10
       Punch             ||     2
 Cast: Beastly Appendage ||    24
 Abil: Spit Poison       ||     5
  Use: Scroll            ||     1
 Stab: Sleeping          ||     1
Armor: Robe              ||     9
       Ring mail         ||    23
Dodge: Dodged            ||    41

Table legend: (Time is in decaauts)
 A = Elapsed time spent in this place.
 B = Non-inter-level travel time spent in this place.
 C = Inter-level travel time spent in this place.
 D = Time resting spent in this place.
 E = Time spent auto-exploring this place.
 F = Levels seen in this place.
 G = Mean time per level.
                   A        B        C        D        E       F      G
               +--------+--------+--------+--------+--------+-----+--------+
         Total |   2363 |   2363 |      0 |    849 |      0 |   3 |  787.7 |
       Dungeon |   2363 |   2363 |      0 |    849 |      0 |   3 |  787.7 |
               +--------+--------+--------+--------+--------+-----+--------+

Top non-repeatable levels by time:
     D:1: 1749 daAuts
     D:2: 521 daAuts
     D:3: 92 daAuts
